cohdb
Replays
Latest Replays
All Replays
Popular Replays
Top Player Replays
Match Explorer
How It Works
Community
CoH3 Stats
Reddit
Sign in to upload your games and track your stats! →
Sign in with Steam
Match 41875271
Unlisted
Match 41875271
Overview
Messages
Build Orders
End
Pioneer Squad
Construct Infanterie Kompanie
Selects Breakthrough Battlegroup
Selects Assault Grenadiers
Grenadier Squad
MG 42 Machine Gun Team
Grenadier Squad
Grenadier Squad
Infanterie Officer Quarters
Construct Panzergrenadier Kompanie
Pak 40 Anti-tank Gun Team
Selects Breakthrough
Breakthrough
Selects Mechanized Assault Group
Mechanized Assault Group
Selects Rapid Production
Support Elements
Selects Blitzkrieg
Nebelwerfer 42 Rocket Launcher Team
StuG III G Assault Gun
StuG III G Assault Gun
mariopl97
Cpt Darling
jwalker987
Kylen
runningDuck
.
0
0
Comments
sign in to comment!
No comments posted yet!